 Dungeon Crawl Stone Soup version 0.25-a0-822-g6581751b11 (webtiles) character file.

Game seed: 9632319405081561732, levelgen mode: deterministic

77 kae the Gusty (level 4, 0/24 HPs)
             Began as a Tengu Air Elementalist on Apr 20, 2020.
             Killed by their own static electricity (2 damage)
             ... on level 3 of the Dungeon.
             The game lasted 00:01:47 (2384 turns).

kae the Gusty (Tengu Air Elementalist)              Turns: 2384, Time: 00:01:48

Health: 0/24       AC:  3    Str:  8    XL:     4   Next: 33%
Magic:  2/8        EV: 12    Int: 17    God:
Gold:   194        SH:  0    Dex: 14    Spells: 0/8 levels left

rFire    . . .     SeeInvis .   i - +0 whip
rCold    . . .     Gourm    .   (no shield)
rNeg     . . .     Faith    .   a - +1 robe
rPois    .         Spirit   .   (helmet restricted)
rElec    .         Reflect  .   (no cloak)
rCorr    .         Harm     .   (no gloves)
MR       .....                  (boots unavailable)
Stlth    ++........             (no amulet)
HPRegen  0.08/turn              (no ring)
MPRegen  0.11/turn              (no ring)

@: no status effects
A: beak, talons 3
a: no special abilities


You were on level 3 of the Dungeon.
You were not hungry.

You visited 1 branch of the dungeon, and saw 3 of its levels.

You collected 194 gold pieces.

Inventory:

Hand Weapons
 i - a +0 whip (weapon)
Armour
 a - a +1 robe (worn)
Jewellery
 k - an uncursed ring of see invisible {unknown}
Scrolls
 b - 3 scrolls of teleportation
 e - 2 scrolls of identify
 g - a scroll of immolation {unknown}
Potions
 d - a potion of haste
 f - a potion of curing {unknown}
 h - 3 potions of stabbing {unknown}
 j - 2 potions of flight
Comestibles
 c - 6 rations


   Skills:
 - Level 2.1 Dodging
 - Level 2.0 Stealth
 + Level 2.6 Spellcasting
 * Level 3.9 Conjurations
 + Level 4.8 Air Magic


You couldn't memorise any spells.
You knew the following spells:

 Your Spells              Type           Power        Failure   Level  Hunger
a - Shock                 Conj/Air       ###.         3%          1    #......
b - Static Discharge      Conj/Air       ###.....     9%          3    ###....
c - Airstrike             Air            ###.......   26%         4    #####..

Your spell library contained the following spells:

 Spells                   Type           Power        Failure   Level  Hunger
 Swiftness                Chrm/Air       ##......     11%         2    ##.....
 Lightning Bolt           Conj/Air       ###.......   63%         5    ######.


Dungeon Overview and Level Annotations

Branches:
Dungeon (3/15)

Altars:
Xom

Annotations:
D:3 Ijyb


Innate Abilities, Weirdness & Mutations

You have a beak for a mouth.
You have claws for feet.


Message History

An iguana comes into view.
The iguana hisses angrily.
The iguana closely misses you.
An iguana is nearby!
An iguana is nearby!
An iguana is nearby!
Casting: Shock (safe; 3% risk of failure)
Confirm with . or Enter, or press ? or * to list all spells.
The iguana is struck by an arc of lightning.
The iguana is lightly wounded.
You are struck by an arc of lightning.
The lightning grounds out.
The iguana bites you! The iguana bites you!
* * * LOW HITPOINT WARNING * * *
Casting: Static Discharge (mildly dangerous; 9% risk of failure)
Confirm with . or Enter, or press ? or * to list all spells.
The iguana is struck by an arc of lightning.
The iguana is heavily wounded.
You are struck by an arc of lightning.
You die...

.^.... #...... ...... ....#
######....## #..........#
.... #..........## ...#
#....@....... ....
#....#l...... ..#
#....#....... #.#
#....###..... #.#
#....##########+# #..
######...............####..
#........>.................
######..........##.........
#..........##.........


You could see an iguana.

Vanquished Creatures
  An adder (D:3)
  An ooze (D:2)
  A leopard gecko (D:3)
  An orc (D:3)
  11 bats
  A giant cockroach (D:2)
  10 goblins
  5 hobgoblins
  8 jackals
  3 kobolds
  2 quokkas
  A ball python (D:2)
  4 frilled lizards
  3 rats
52 creatures vanquished.

Notes
Turn   | Place    | Note
-------+----------+-------------------------------------------
     0 | D:1      | kae the Tengu Air Elementalist began the quest for the Orb.
     0 | D:1      | Reached XP level 1. HP: 10/10 MP: 4/4
     6 | D:1      | Noticed a swamp drake
     6 | D:1      | Noticed a crocodile
     7 | D:1      | Noticed a salamander
   208 | D:1      | Reached XP level 2. HP: 15/15 MP: 4/6
   563 | D:1      | Reached XP level 3. HP: 19/19 MP: 5/7
   568 | D:1      | Learned a level 3 spell: Static Discharge
  1507 | D:2      | Found a shimmering altar of Xom.
  1959 | D:3      | Reached XP level 4. HP: 24/24 MP: 5/8
  2043 | D:3      | Noticed Ijyb
  2179 | D:3      | Learned a level 4 spell: Airstrike
  2208 | D:3      | Found a faded altar of an unknown god.
  2384 | D:3      | Killed from afar by themself

Levels and vault maps discovered:
D:1:      onia_arrival_zoo_common, layout_loops_corners, minmay_pentomino_t2
D:2:      layout_basic, xom_teletrap_fun, serial_forest,
          infiniplex_forest_clump_double, infiniplex_forest_corner_2,
          infiniplex_forest_straight_2, infiniplex_forest_clump_diagonal,
          infiniplex_forest_straight_3, infiniplex_forest_clump_large,
          infiniplex_forest_end_2, minmay_between
D:3:      layout_basic, chequers_ecumenical_altar_simple, uniq_ijyb

Skill      XL: |  1  2  3 |
---------------+----------+-----
Conjurations   | 2 3 |  3.9
Dodging        | |  2.1
Stealth        | |  2.0
Spellcasting   | |  2.6
Air Magic      | |  4.8

Action                   |  1- 3 |  4- 6 || total
-------------------------+-------+-------++-------
Melee: Unarmed           |    21 |       ||    21
       Kick              |     6 |       ||     6
       Peck              |     4 |       ||     4
 Cast: Shock             |    64 |    16 ||    80
       Static Discharge  |       |     1 ||     1
  Use: Scroll            |     6 |       ||     6
  Eat: Chunk             |     4 |     1 ||     5
Armor: Robe              |     7 |       ||     7
Dodge: Dodged            |    31 |     2 ||    33

Table legend:
 A = Non-vault XP
 B = Vault XP
 C = Vault XP percentage of total XP
 D = Non-vault monster count
 E = Vault monster count
 F = Vault count percentage of total count
                 A         B        C        D         E       F
            +---------+---------+-------+---------+---------+-------
      Total |     100 |      10 |   9.1 |      47 |       5 |   9.6
            +---------+---------+-------+---------+---------+-------
        D:1 |      36 |       4 |  10.0 |      19 |       2 |   9.5
        D:2 |      32 |       6 |  15.8 |      17 |       3 |  15.0
        D:3 |      32 |       0 |   0.0 |      11 |       0 |   0.0
            +---------+---------+-------+---------+---------+-------
